 Dungeon Crawl Stone Soup version 0.22.1-2-g9c5b331383 (webtiles) character file.

10602 Nattfarinn the Unseen (level 11, -4/68 HPs)
             Began as a Vampire Enchanter on Sept 7, 2018.
             Was a Priest of Kikubaaqudgha.
             Shot with an arrow by a centaur warrior (10 damage)
             ... on level 11 of the Dungeon on Nov 27, 2018.
             The game lasted 01:09:23 (18577 turns).

Nattfarinn the Unseen (Vampire Enchanter)          Turns: 18577, Time: 01:09:24

Health: -4/68      AC:  0    Str:  7    XL:     11   Next: 38%
Magic:  0/25       EV: 24    Int: 21    God:    Kikubaaqudgha [***...]
Gold:   642        SH:  0    Dex: 20    Spells: 22/31 levels left

rFire    . . .     SeeInvis +   (weapon currently unavailable)
rCold    + + .     Gourm    .   (shield currently unavailable)
rNeg     + + +     Faith    .   (armour currently unavailable)
rPois    ∞         Spirit   +   (helmet currently unavailable)
rElec    .         Reflect  .   (cloak currently unavailable)
rCorr    .         Harm     .   (gloves currently unavailable)
MR       +....                  (boots currently unavailable)
Stlth    ++++++++..             k - amulet of guardian spirit
HPRegen  0.00/turn              (ring currently unavailable)
MPRegen  0.19/turn              (ring currently unavailable)

@: bat-form, flying, bloodless, non-regenerating, very quick
A: tiny, fangs 3, see invisible
a: End Transformation, Receive Corpses, Renounce Religion


You were on level 11 of the Dungeon.
You worshipped Kikubaaqudgha.
Kikubaaqudgha was most pleased with you.
You were bloodless.
You were in vampire-bat-form.
You visited 2 branches of the dungeon, and saw 12 of its levels.

You collected 675 gold pieces.
You spent 33 gold pieces at shops.

Inventory:

Hand Weapons
 a - a +1 dagger
 w - a +4 dagger of speed (melded)
Armour
 b - a +0 robe
 e - a +0 helmet (melded)
 g - a +0 pair of boots (melded)
 l - a +0 robe of fire resistance
 F - a +1 cloak (melded)
 L - a +2 robe of magic resistance (melded)
 N - the +3 hat of Pondering {ponderous, MR+ MP+10 Int+5}
   (You took it off Gastronok on level 8 of the Dungeon)

   It affects your intelligence (+5).
   It affects your resistance to hostile enchantments.
   It affects your magic capacity (+10).
 T - a +0 pair of gloves (melded)
Jewellery
 j - a +5 ring of dexterity (melded)
 k - an amulet of guardian spirit (around neck)
 n - an uncursed ring of protection from cold
 v - a +3 ring of slaying (melded)
 B - an uncursed ring of stealth {unknown}
 G - an uncursed ring of protection from fire {unknown}
 H - a cursed ring of teleportation {unknown}
 M - a +2 ring of evasion {unknown}
Wands
 r - a wand of random effects (36)
 y - a wand of iceblast (1)
 S - a wand of polymorph (14)
 V - a wand of acid (12)
Scrolls
 c - 4 scrolls of immolation
 d - 4 scrolls of magic mapping
 h - 3 scrolls of enchant armour {unknown}
 i - 6 scrolls of remove curse
 m - a scroll of fog {unknown}
 p - 8 scrolls of teleportation
 D - a scroll of random uselessness {unknown}
 O - 2 scrolls of summoning {unknown}
 P - 3 scrolls of identify
 Q - a scroll of noise {unknown}
 R - a scroll of blinking {unknown}
 U - a scroll of enchant weapon
Potions
 f - 2 potions of resistance {unknown}
 o - 2 potions of degeneration {unknown}
 q - 15 potions of blood
 s - 3 potions of curing
 t - 3 potions of agility {unknown}
 u - 4 potions of brilliance {unknown}
 x - a potion of cancellation {unknown}
 z - 2 potions of lignification {unknown}
 A - a potion of berserk rage
 C - 2 potions of magic {unknown}
 E - 2 potions of haste
 I - a potion of heal wounds
 J - a potion of flight {unknown}
 K - a potion of invisibility


   Skills:
 - Level 1.1 Short Blades
 - Level 5.1 Dodging
 + Level 15.3 Stealth
 * Level 10.8 Spellcasting
 - Level 12.4 Hexes


You had 22 spell levels left.
You knew the following spells:

 Your Spells              Type           Power        Failure   Level  Hunger
a - Corona                Hex            ######.      1%          1    None
b - Tukima's Dance        Hex            ######..     1%          3    None
c - Ensorcelled Hibernat  Hex/Ice        #####.       1%          2    None
d - Confuse               Hex            ######..     1%          3    None

Your spell library contained the following spells:

 Spells                   Type           Power        Failure   Level  Hunger
 Confusing Touch          Hex            ######       1%          1    None
 Dazzling Spray           Conj/Hex       #####.       1%          3    None
 Beastly Appendage        Tmut           ##....       6%          1    None
 Pain                     Necr           ##..         6%          1    None
 Corpse Rot               Necr           N/A          9%          2    None
 Sticks to Snakes         Tmut           ##......     9%          2    None
 Sublimation of Blood     Necr           ##........   9%          2    None
 Metabolic Englaciation   Hex/Ice        #####.....   13%         5    ####...
 Yara's Violent Unravell  Hex/Tmut       #####.....   13%         5    ####...
 Gell's Gravitas          Tloc           ##........   19%         3    None
 Regeneration             Chrm/Necr      ##........   19%         3    None
 Spider Form              Tmut/Pois      ##........   19%         3    None
 Animate Dead             Necr           N/A          52%         4    ##.....
 Ice Form                 Ice/Tmut       ##......     52%         4    ##.....
 Petrify                  Tmut/Erth      ##......     52%         4    ##.....
 Blade Hands              Tmut           ##........   86%         5    ####...
 Bolt of Draining         Conj/Necr      ##........   86%         5    ####...
 Dispel Undead            Necr           ##......     86%         5    ####...
 Excruciating Wounds      Chrm/Necr      ##........   86%         5    ####...
 Simulacrum               Ice/Necr       ##........   100%        6    ######.


Dungeon Overview and Level Annotations

Branches:
Dungeon (11/15)            Temple (1/1) D:6            Lair (0/6) D:8
    Orc (0/2) D:10

Altars:
Ashenzari
Cheibriados
Dithmenos
Elyvilon
Fedhas
Gozag
Hepliaklqana
Kikubaaqudgha
Makhleb
Nemelex Xobeh
Okawaru
Qazlal
Trog
Wu Jian
Xom
Zin
The Shining One

Shops:
D:4 ?!}   D:7 [

Annotations:
D:10 3 runed doors, D1HalberdGnoll's ghost, novice DrCj


Innate Abilities, Weirdness & Mutations

You do not heal naturally.
You are immune to poison.
You have razor-sharp teeth.
You have supernaturally acute eyesight. (SInv)
((You can survive without breathing.))


Message History

You turn into a vampire bat.
Your +4 dagger of speed melds into your body.
Your +1 cloak melds into your body.
Your +0 helmet melds into your body.
Your +0 pair of gloves melds into your body.
Your +0 pair of boots melds into your body.
Your +2 robe of magic resistance melds into your body.
Your +5 ring of dexterity melds into your body.
Your +3 ring of slaying melds into your body.
You feel less resistant to hostile enchantments.
You feel clumsy. The centaur warrior hits you. x2
The centaur warrior unwields an uncursed longbow.
The centaur warrior hits you!
* * * LOW HITPOINT WARNING * * *
The centaur warrior hits you.
* * * LOW HITPOINT WARNING * * *
The centaur warrior wields an uncursed longbow.
The centaur warrior shoots an arrow.
The arrow hits you!
You die...
Kikubaaqudgha rasps: "You have failed me!
Welcome... oblivion!"

...#.#...# ...#.##### ...#.#
...#.###########################
...#.##........................#
...#...........................#
..####.............(...........#
.....#..........#.#.#.#........#
#.##.#..........b.c.(..........#
#.##.#..........###c###........#
...#.....#.#######.oc#######.#.#
...####....# #).)# #...#
..........## ##o## ##..#
######....# #+###8o8###+# #..#
..........# #.....o(....# #..#
.######...# #.##...(.##.# #..#
.# #...# ##..o## #..#


You could see 2 centaur warriors.

Vanquished Creatures
  Gastronok (D:8)
  Harold (D:9)
  Erolcha (D:9)
  2 two-headed ogres (D:10)
  A deep elf archer (D:11)
  Pikel (D:9)
  An ugly thing (D:11)
  A hornet (D:8)
  2 hippogriffs (D:8)
  A wraith (D:11)
  A vampire (D:9)
  2 soldier ants (D:8)
  A water moccasin (D:5)
  2 orc warriors
  A sky beast (D:9)
  An ogre (D:4)
  2 ice beasts
  2 centaurs
  A crocodile (D:9)
  5 bullfrogs
  A wyvern zombie (D:6)
  5 scorpions
  A wight (D:7)
  7 howler monkeys
  A crimson imp (D:10)
  3 bullfrog zombies
  6 orc priests
  2 centaur zombies
  3 centaur skeletons
  A quasit (D:7)
  5 hounds
  5 jellies
  3 orc wizards
  2 bullfrog skeletons
  3 iguanas
  Natasha (thrice) (D:3)
  8 worker ants
  3 hound skeletons
  2 hound zombies
  A howler monkey skeleton (D:11)
  4 worker ant zombies
  14 gnolls
  11 adders
  3 shadow imps
  3 oozes
  2 adder skeletons
  A worm (D:3)
  4 dart slugs (D:1)
  8 leopard geckos
  32 orcs
  4 bats
  4 giant cockroaches
  12 hobgoblins
  10 jackals
  5 quokkas
  A frilled lizard (D:2)
  11 goblins
  13 kobolds
  A leopard gecko zombie (D:7)
  2 quokka zombies
  4 rats
244 creatures vanquished.

Vanquished Creatures (collateral kills)
  2 orc warriors
  2 ogres
  3 wights (D:7)
  A gnoll shaman (D:8)
  2 orc wizards
  5 gnolls
  6 orcs
  A goblin (D:1)
  A kobold (D:3)
23 creatures vanquished.

Vanquished Creatures (others)
  7 dancing weapons
  4 plants
11 creatures vanquished.

Grand Total: 278 creatures vanquished

Notes
Turn   | Place    | Note
-------+----------+-------------------------------------------
     0 | D:1      | Nattfarinn the Vampire Enchanter began the quest for the
                  | Orb.
     0 | D:1      | Reached XP level 1. HP: 13/13 MP: 3/3
   247 | D:1      | Reached XP level 2. HP: 19/19 MP: 5/5
   464 | D:1      | Reached XP level 3. HP: 17/24 MP: 3/6
   469 | D:1      | Learned a level 3 spell: Tukima's Dance
  1141 | D:1      | Learned a level 2 spell: Ensorcelled Hibernation
  2301 | D:2      | Reached XP level 4. HP: 24/30 MP: 0/7
  2489 | D:2      | Found a snail-covered altar of Cheibriados.
  2620 | D:2      | Reached skill level 5 in Dodging
  4507 | D:3      | Reached skill level 5 in Hexes
  4584 | D:3      | Reached XP level 5. HP: 35/35 MP: 8/8
  4591 | D:3      | Noticed Natasha
  5108 | D:3      | Reached skill level 5 in Stealth
  6429 | D:3      | Killed Natasha
  6513 | D:3      | Noticed Natasha
  6906 | D:3      | Killed Natasha
  6906 | D:3      | Reached XP level 6. HP: 41/41 MP: 4/9
  6990 | D:3      | Noticed Natasha
  6995 | D:3      | Killed Natasha
  6995 | D:3      | Reached skill level 6 in Stealth
  7094 | D:3      | Learned a level 3 spell: Confuse
  7313 | D:4      | Found Ucuaneast's Distillery.
  7319 | D:4      | Bought a potion of curing for 33 gold pieces
  7353 | D:4      | Found Awkaf's Magic Scroll Boutique.
  7501 | D:4      | Found Dakhleg's Gadget Shoppe.
  8172 | D:3      | Reached XP level 7. HP: 46/46 MP: 6/10
  8416 | D:4      | Reached skill level 7 in Stealth
  9175 | D:5      | Entered Level 5 of the Dungeon
  9604 | D:5      | Found an iron altar of Okawaru.
  9740 | D:5      | Found a stormy altar of Qazlal.
  9978 | D:6      | Reached skill level 8 in Stealth
  9985 | D:6      | Found a staircase to the Ecumenical Temple.
 10033 | D:6      | Reached skill level 10 in Hexes
 10213 | D:6      | Reached XP level 8. HP: 52/52 MP: 11/11
 10580 | D:5      | Reached skill level 9 in Stealth
 11120 | Temple   | Entered the Ecumenical Temple
 11191 | Temple   | Became a worshipper of Kikubaaqudgha
 11556 | D:8      | Noticed a hippogriff
 11630 | D:8      | Killed a hippogriff
 11759 | D:8      | Found a staircase to the Lair.
 12158 | D:7      | Reached skill level 10 in Stealth
 12712 | D:7      | Found Itwerini's Antique Armour Shoppe.
 12882 | D:7      | Reached * piety under Kikubaaqudgha
 12882 | D:7      | Identified Kikubaaqudgha's Grimoire of Unholy Rituals
                  | (Kikubaaqudgha gifted it to you on level 7 of the Dungeon)
 12882 | D:7      | Received a gift from Kikubaaqudgha
 13330 | D:8      | Reached XP level 9. HP: 57/57 MP: 13/13
 13443 | D:8      | Got a transparent plate armour
 13444 | D:8      | Identified the cursed +1 plate armour of the Wary Runes
                  | {Regen+ Slay+2 SInv Stlth+} (You found it on level 8 of the
                  | Dungeon)
 13547 | D:8      | Reached ** piety under Kikubaaqudgha
 13916 | D:8      | Found a shadowy altar of Dithmenos.
 13917 | D:8      | Found a glowing golden altar of the Shining One.
 14046 | D:8      | Reached skill level 11 in Stealth
 14069 | D:8      | Noticed Gastronok
 14709 | D:8      | Reached skill level 5 in Spellcasting
 14944 | D:8      | Killed Gastronok
 14944 | D:8      | Reached skill level 12 in Stealth
 14944 | D:8      | Reached XP level 10. HP: 3/63 MP: 1/20
 15611 | D:8      | Reached skill level 13 in Stealth
 15615 | D:8      | Upgraded the game from 0.22.0-49-gab54619674 to
                  | 0.22.1-2-g9c5b331383
 15917 | D:9      | Noticed Erolcha
 16132 | D:9      | Reached *** piety under Kikubaaqudgha
 16132 | D:9      | Identified Kikubaaqudgha's Catalogue of Unholy Secrets
                  | (Kikubaaqudgha gifted it to you on level 9 of the Dungeon)
 16132 | D:9      | Received a gift from Kikubaaqudgha
 16152 | D:9      | Killed Erolcha
 16439 | D:9      | Noticed Pikel
 16447 | D:9      | Killed Pikel
 16447 | D:9      | Reached skill level 14 in Stealth
 16550 | D:9      | Noticed Harold
 16578 | D:9      | Killed Harold
 17335 | D:10     | Entered Level 10 of the Dungeon
 17335 | D:10     | Noticed a two-headed ogre
 17430 | D:10     | Killed a two-headed ogre
 17430 | D:10     | Reached skill level 10 in Spellcasting
 17430 | D:10     | Reached XP level 11. HP: 68/68 MP: 23/25
 17528 | D:10     | Found a staircase to the Orcish Mines.
 17638 | D:10     | Found a runed gate.
 17638 | D:10     | Found a runed gate.
 17639 | D:10     | Found a runed gate.
 17640 | D:10     | Noticed D1HalberdGnoll's ghost (novice DrCj)
 17642 | D:10     | Noticed a 12-headed hydra
 17738 | D:10     | Noticed a two-headed ogre
 17746 | D:10     | Killed a two-headed ogre
 17746 | D:10     | Reached skill level 15 in Stealth
 18154 | D:11     | Found an iron altar of Okawaru.
 18154 | D:11     | Noticed an orc knight
 18392 | D:11     | Noticed a white ugly thing
 18410 | D:11     | Killed a white ugly thing
 18543 | D:11     | Noticed a deep elf archer
 18546 | D:11     | Killed a deep elf archer
 18556 | D:11     | Noticed a centaur warrior
 18557 | D:11     | Noticed a centaur warrior
 18559 | D:11     | Noticed a centaur warrior
 18577 | D:11     | Shot with an arrow by a centaur warrior

Skill      XL: |  1  2  3  4  5  6  7  8  9 10 11 |
---------------+----------------------------------+-----
Dodging        | 3 4 5 |  5.1
Hexes          | 5 6 8 10 12 | 12.4
Stealth        | 5 6 8 10 12 14 15 | 15.3
Spellcasting   | 3 7 10 | 10.8
Short Blades   | |  1.1

Action                   |  1- 3 |  4- 6 |  7- 9 | 10-12 || total
-------------------------+-------+-------+-------+-------++-------
Melee: Dagger            |   103 |   241 |   377 |   265 ||   986
       Bite              |     6 |    28 |    44 |    29 ||   107
       Unarmed           |       |     1 |       |       ||     1
Throw: Tomahawk          |       |     8 |       |       ||     8
 Cast: Corona            |    11 |     7 |     3 |       ||    21
       Ensorcelled Hiber |     5 |    11 |       |     3 ||    19
       Tukima's Dance    |     4 |    22 |    18 |     4 ||    48
       Confuse           |       |     7 |    27 |     7 ||    41
 Abil: Bat Form          |     1 |     2 |     1 |     1 ||     5
       End Transformatio |     1 |     2 |     1 |       ||     4
Evoke: Wand              |       |       |    11 |       ||    11
  Use: Potion            |       |    12 |     6 |     3 ||    21
       Scroll            |       |     5 |     8 |       ||    13
 Stab: Sleeping          |    10 |    19 |    39 |    28 ||    96
       Confused          |       |     5 |    20 |     5 ||    30
       Distracted        |       |       |     1 |     2 ||     3
  Eat: Corpse            |     2 |     2 |     4 |     2 ||    10
Armor: Robe              |    17 |    30 |    23 |    28 ||    98
Dodge: Dodged            |    81 |   238 |   176 |   105 ||   600
